 Dungeon Crawl Stone Soup version 0.24-a0-312-g16217b4 (webtiles) character file.

Game seed: 1905795080794256785

9 mhoghedin the Insei (level 1, 0/15 HPs)
             Began as a Demigod Transmuter on May 15, 2019.
             Slain by a jackal (2 damage)
             ... on level 1 of the Dungeon.
             The game lasted 00:00:29 (305 turns).

mhoghedin the Insei (Demigod Transmuter)             Turns: 305, Time: 00:00:30

Health: 0/15       AC:  2    Str: 13    XL:     1   Next: 86%
Magic:  5/5        EV: 12    Int: 17    God:
Gold:   0          SH:  0    Dex: 16    Spells: 2/3 levels left

rFire    . . .     SeeInvis .   c - +0 dagger
rCold    . . .     Gourm    .   (no shield)
rNeg     . . .     Faith    .   b - +0 robe
rPois    .         Spirit   .   (no helmet)
rElec    .         Reflect  .   (no cloak)
rCorr    .         Harm     .   (no gloves)
MR       .....                  (no boots)
Stlth    +.........             (no amulet)
HPRegen  0.05/turn              (no ring)
MPRegen  0.09/turn              (no ring)

@: appendage (expiring)
A: horns 2, high mp 1
a: End Transformation


You were on level 1 of the Dungeon.
You were not hungry.
You had grown temporary horns.
You visited 1 branch of the dungeon, and saw 1 of its levels.

Inventory:

Hand Weapons
 c - a +0 dagger (weapon)
   (You found it on level 1 of the Dungeon)
Missiles
 a - 12 arrows
Armour
 b - a +0 robe (worn)
Comestibles
 d - a ration


   Skills:
 - Level 0.8 Fighting
 - Level 1.7 Dodging
 - Level 2.6 Unarmed Combat
 - Level 1.7 Spellcasting
 + Level 2.5 Transmutations


You had 2 spell levels left.
You knew the following spells:

 Your Spells              Type           Power        Failure   Level  Hunger
a - Beastly Appendage     Tmut           ##....       7%          1    #......

Your spell library contained the following spells:

 Spells                   Type           Power        Failure   Level  Hunger
 Sticks to Snakes         Tmut           ##......     11%         2    ###....
 Spider Form              Tmut/Pois      #.........   34%         3    ###....
 Ice Form                 Ice/Tmut       #.......     75%         4    #####..
 Blade Hands              Tmut           ##........   89%         5    ######.


Dungeon Overview and Level Annotations

Branches:
Dungeon (1/15)


Innate Abilities, Weirdness & Mutations

You have an increased reservoir of magic. (+10% MP)
You have a pair of horns on your head.


Message History

Your transformation is almost over.
The jackal misses you.
You hit the jackal.
You kill the jackal!
You completely miss the leopard gecko. The leopard gecko bites you.
You take 3 damage, and have 8/15 hp.
You are too injured to fight recklessly!
You are too injured to fight recklessly!
You are too injured to fight recklessly!
You barely miss the leopard gecko. The leopard gecko bites you.
You take 3 damage, and have 5/15 hp.
You barely miss the leopard gecko. You headbutt the leopard gecko.
You kill the leopard gecko!
MP restored: 5 You see here a jackal corpse.
You butcher the jackal corpse.
f - a chunk of flesh {@w0} You see here a jackal skeleton.
You start resting.
Your horns disappear.
Unknown command.
You start resting.
Health restored: 15 You open the door.
There is an open door here.
There is an open door here.
You see here a jackal skeleton.
You open the door.
There is an open door here.
There is an open door here.
You see here 17 stones.
Found a sparkling altar of Nemelex Xobeh.
A goblin comes into view.
All of the chunks of flesh in your inventory have rotted away.
A goblin is nearby!
The goblin shouts!
A jackal comes into view.
You grow a pair of large bovine horns.
The jackal barks!
A jackal comes into view.
You now have 4/5 mp.
The goblin hits you.
There is a fountain of sparkling water here.
You take 1 damage, and have 14/15 hp.
The jackal barks!
You hit the goblin.
You kill the goblin!
You barely miss the jackal. The jackal closely misses you.
You hit the jackal but do no damage. Your headbutt misses the jackal.
The jackal completely misses you. The jackal bites you.
You take 1 damage, and have 13/15 hp.
You closely miss the jackal. Your headbutt misses the jackal.
The jackal barely misses you. The jackal bites you.
You take 2 damage, and have 11/15 hp.
You barely miss the jackal. The jackal closely misses you.
The jackal misses you. The jackal closely misses you.
The jackal barely misses you.
You barely miss the jackal. You headbutt the jackal.
The jackal barely misses you. The jackal bites you.
You take 1 damage, and have 10/15 hp.
You barely miss the jackal. The jackal bites you. x2
You take 2 damage, and have 8/15 hp.
You are too injured to fight recklessly!
You are too injured to fight recklessly!
You are too injured to fight recklessly!
You are too injured to fight recklessly!
You are too injured to fight recklessly!
You are too injured to fight recklessly!
You are too injured to fight recklessly!
You are too injured to fight recklessly!
You are too injured to fight recklessly!
You are too injured to fight recklessly!
You are too injured to fight recklessly!
You are too injured to fight recklessly!
You are too injured to fight recklessly!
You are too injured to fight recklessly!
The jackal bites you but does no damage.
The jackal misses you.
You closely miss the jackal.
Your transformation is almost over.
The jackal bites you but does no damage.
The jackal barely misses you.
MP restored: 5 You hit the jackal.
The jackal bites you. The jackal barely misses you. The jackal bites you.
The jackal bites you but does no damage.
You take 4 damage, and have 5/15 hp.
MASSIVE DAMAGE!!
You closely miss the jackal. The jackal bites you.
* * * LOW HITPOINT WARNING * * *
The jackal closely misses you.
You take 1 damage, and have 4/15 hp.
You closely miss the jackal.
The jackal bites you but does no damage.
The jackal closely misses you.
You closely miss the jackal. The jackal closely misses you.
The jackal bites you.
* * * LOW HITPOINT WARNING * * *
The jackal barely misses you. The jackal bites you.
You die...

####.. #.....
(#..... .......
..[....##
.....⌠.⌠##
.$...._h@######
.....⌠.h.......#
................
......#.....#.##
#######
.######.....#.#
#.....#
#.........#.#
#.###.#
#.........#.#
#.....#
#........##.#
###.###
#........##.#
#'#


You could see 2 jackals.

Vanquished Creatures
  A dart slug (D:1)
  A leopard gecko (D:1)
  2 jackals (D:1)
  A frilled lizard (D:1)
  A goblin (D:1)
6 creatures vanquished.

Notes
Turn   | Place    | Note
-------+----------+-------------------------------------------
     0 | D:1      | mhoghedin the Demigod Transmuter began the quest for the
                  | Orb.
     0 | D:1      | Reached XP level 1. HP: 15/15 MP: 5/5
    45 | D:1      | Reached skill level 2 in Transmutations
   285 | D:1      | Found a sparkling altar of Nemelex Xobeh.
   305 | D:1      | HP: 2/15 [jackal (2)]
   305 | D:1      | Slain by a jackal

Levels and vault maps discovered:
D:1:      dpeg_arrival_renting, layout_basic, grunt_decor_mini_mirrors,
          nemelex_xobeh_ov_fountains_minmay

Skill      XL: |  1 |
---------------+----+-----
Transmutations | 2 |  2.5
Fighting       | |  0.8
Dodging        | |  1.7
Unarmed Combat | |  2.6
Spellcasting   | |  1.7

Action                   || total
-------------------------++-------
Melee: Dagger            ||    24
       Headbutt          ||     4
 Cast: Beastly Appendage ||     3
Armor: Robe              ||     5
Dodge: Dodged            ||    19

Table legend:
 A = Non-vault XP
 B = Vault XP
 C = Vault XP percentage of total XP
 D = Non-vault monster count
 E = Vault monster count
 F = Vault count percentage of total count
                 A         B        C        D         E       F
            +---------+---------+-------+---------+---------+-------
      Total |      13 |       0 |   0.0 |       6 |       0 |   0.0
            +---------+---------+-------+---------+---------+-------
        D:1 |      13 |       0 |   0.0 |       6 |       0 |   0.0
            +---------+---------+-------+---------+---------+-------

Levels and vault maps discovered:
D:1:      dpeg_arrival_renting, layout_basic, grunt_decor_mini_mirrors,
          nemelex_xobeh_ov_fountains_minmay

Table legend:
 A = Turns spent in this place as a percentage of turns spent in the entire game.
 B = Non-inter-level travel turns spent in this place as a percentage of non-inter-level travel turns spent in the entire game.
 C = Inter-level travel turns spent in this place as a percentage of turns spent in this place.
 D = Turns resting spent in this place as a percentage of non-inter-level travel turns spent in this place.
 E = Turns spent auto-exploring this place as a percentage of non-inter-level travel turns spent in this place.
 F = Non-inter-level travel turns spent in this place divided by the number of levels of this place that you've seen.
                   A       B       C       D       E      F
               +-------+-------+-------+-------+-------+----------------------
         Total | 100.0 | 100.0 |   0.0 |  59.7 |  23.0 | 305.0
       Dungeon | 100.0 | 100.0 |   0.0 |  59.7 |  23.0 | 305.0
               +-------+-------+-------+-------+-------+----------------------

Table legend:
 A = Kills in this place as a percentage of kills in entire the game.
 B = Kills by you in this place as a percentage of kills by you in the entire game.
 C = Kills by friends in this place as a percentage of kills by friends in the entire game.
 D = Other kills in this place as a percentage of other kills in the entire game.
 E = Experience gained in this place as a percentage of experience gained in the entire game.
 F = Experience gained in this place divided by the number of levels of this place that you have seen.
                   A       B       C       D       E      F
               +-------+-------+-------+-------+-------+----------------------
         Total | 100.0 | 100.0 |   N/A |   N/A | 100.0 |  13.0
       Dungeon | 100.0 | 100.0 |   N/A |   N/A | 100.0 |  13.0
               +-------+-------+-------+-------+-------+----------------------
